Map: Dusk Towers

Players

FräsFläskarN - Winner!

  • Race: Terran Terran
  • League: Master

Miszu

  • Race: Terran Terran
  • League: Master

VOD

Have the link to the VOD?

Description

Time

  • Played on: March 8, 2016, 1:24 p.m.
  • Length: 14:56
Show
View Real Time Build Order
Export as new Build Order

FräsFläskarN Terran - Winner!

Build Orders: Reaper Expand, Bio Tank 

Get SALT Encoding   

  12  0:01  SCV  
  13  0:13  SCV  
  14  0:17  Supply Depot  
  14  0:25  SCV  
  15  0:39  SCV  
  15  0:40  Barracks  
  16  0:45  Refinery  
  16  0:51  SCV  
  17  1:03  SCV  
  18  1:15  SCV  
  19  1:28  Reaper, Orbital Command  
  20  1:43  Command Center  
  20  1:56  Supply Depot  
  20  1:57  SCV  
  20  2:01  Marine  
  22  2:09  SCV  
  22  2:10  Factory  
  23  2:21  SCV  
  24  2:27  Barracks Reactor  
  24  2:35  SCV  
  25  2:42  Command Center  
  25  2:48  SCV  
  26  2:57  Orbital Command  
  26  3:04  Starport  
  26  3:05  Marine  
  27  3:06  Marine  
  27  3:09  SCV  
  28  3:14  Widow Mine  
  30  3:21  SCV  
  30  3:23  Marine  
  32  3:31  SCV  
  32  3:33  Marine, SCV  
  35  3:39  Supply Depot  
  35  3:40  Marine  
  36  3:41  Refinery  
  36  3:47  Medivac  
  36  3:48  SCV  
  39  3:49  SCV  
  40  3:58  Orbital Command  
  40  4:00  Marine, SCV  
  40  4:01  Marine  
  43  4:04  SCV  
  43  4:07  Factory Tech Lab  
  44  4:14  SCV  
  45  4:19  Barracks  
  45  4:21  Barracks  
  45  4:23  SCV  
  45  4:24  Refinery  
  46  4:26  Refinery  
  46  4:28  SCV  
  46  4:30  SCV  
  48  4:34  Siege Tank  
  48  4:36  Marine  
  48  4:37  Marine  
  53  4:39  Starport Reactor  
  53  4:43  SCV x2  
  55  4:46  SCV  
  56  4:57  Marine x2  
  56  5:03  SCV x2  
  56  5:04  SCV  
  54  5:15  SCV  
  46  5:23  Marine x2  
  46  5:25  SCV x2  
  46  5:27  Barracks Tech Lab  
  43  5:32  Medivac, Siege Tank  
  43  5:33  SCV  
  49  5:36  Barracks Tech Lab  
  49  5:37  SCV  
  49  5:40  Marine  
  51  5:45  SCV  
  51  5:46  SCV  
  51  5:49  SCV  
  52  5:50  Marine x2  
  52  5:51  Stimpack  
  52  5:53  Combat Shields  
  52  5:57  SCV  
  52  5:58  SCV  
  52  6:00  Engineering Bay  
  52  6:01  Marine x2, SCV  
  57  6:09  Marine x2, Medivac  
  61  6:11  SCV x2  
  61  6:16  Supply Depot  
  63  6:20  Siege Tank  
  63  6:22  SCV  
  63  6:23  SCV  
  68  6:30  Supply Depot  
  68  6:31  Terran Infantry Weapons Level 1  
  68  6:37  Medivac  
  68  6:39  Orbital Command  
  70  6:42  Barracks  
  70  6:44  Barracks  
  70  6:46  Marine x3  
  72  6:48  Marine  
  72  6:50  SCV x2  
  76  6:58  Medivac  
  78  7:03  Supply Depot  
  78  7:04  Marine x2  
  78  7:06  SCV x2  
  78  7:07  Marine  
  83  7:11  Marine  
  84  7:16  SCV  
  84  7:22  Supply Depot  
  85  7:24  Medivac, SCV  
  85  7:27  Marine  
  85  7:28  Marine x3  
  92  7:36  Marine  
  93  7:42  Supply Depot  
  93  7:43  SCV x3  
  96  7:46  Engineering Bay  
  96  7:50  Armory  
  96  7:56  Barracks Reactor, Sensor Tower  
  96  7:57  Barracks Reactor, SCV  
  97  8:03  SCV x2  
  99  8:06  Marine x3  
  99  8:11  SCV  
  99  8:12  Marine  
  103  8:15  SCV x2  
  106  8:23  SCV  
  106  8:24  Marine x3  
  110  8:27  SCV  
  110  8:28  SCV  
  110  8:30  Marine  
  110  8:33  Factory  
  113  8:35  Supply Depot  
  113  8:36  Marine  
  113  8:37  Supply Depot, Marine  
  113  8:41  Terran Infantry Weapons Level 2  
  115  8:42  Marine x2  
  117  8:52  Marine  
  117  8:56  Marine  
  117  8:57  Siege Tank  
  117  8:58  Marine  
  122  9:04  Marine  
  122  9:05  Marine x4  
  119  9:12  Marine  
  119  9:14  Marine  
  118  9:19  Marine  
  118  9:21  SCV  
  118  9:22  Marine, SCV  
  118  9:23  Marine  
  109  9:25  Marine x2  
  109  9:28  Marine  
  109  9:29  Siege Tank, Factory Tech Lab  
  109  9:30  Marine, Medivac x2  
  120  9:35  Marine  
  120  9:36  SCV  
  120  9:37  Marine, Barracks, SCV x2  
  123  9:38  Barracks  
  123  9:40  Marine  
  123  9:41  Command Center  
  123  9:43  Marine  
  123  9:44  Marine  
  123  9:45  Terran Infantry Armor Level 1  
  126  9:48  Marine x2  
  126  9:49  Siege Tank  
  131  9:56  Marine x2  
  133  10:02  Supply Depot x2, Marine x2  
  133  10:03  Supply Depot  
  133  10:04  Supply Depot x2, Refinery, Terran Vehicle Weapons Level 1  
  133  10:05  Marine x2  
  133  10:06  Marine  
  138  10:11  Marine  
  139  10:14  Marine, SCV x2  
  139  10:21  Marine x3  
  140  10:25  Marine x3  
  140  10:26  Barracks Reactor x2  
  146  10:31  Marine  
  146  10:32  Marine, Siege Tank x2  
  154  10:35  Factory  
  154  10:39  Marine  
  155  10:45  Marine x3  
  155  10:46  Marine x2, Medivac  
  155  10:47  Medivac  
  164  10:54  Sensor Tower  
  164  11:03  Terran Infantry Weapons Level 3  
  164  11:04  Marine x6, Siege Tank  
  164  11:05  Marine, Siege Tank  
  177  11:12  Marine  
  177  11:13  Marine x4  
  182  11:22  Marine x3  
  182  11:23  Marine x3, Medivac  
  182  11:24  Medivac  
  188  11:27  Factory Tech Lab  
  188  11:32  Marine x5  
  147  11:50  Marine x2, Orbital Command  
  136  11:54  Marine  
  136  11:55  Marine x4  
  136  11:59  Marine x4  
  145  12:05  Marine  
  145  12:06  Siege Tank x2, Planetary Fortress  
  145  12:08  Marine x2  
  152  12:12  Marine  
  155  12:19  Missile Turret x2  
  155  12:20  Missile Turret  
  155  12:25  Marine x3  
  155  12:26  Marine  
  156  12:32  Terran Vehicle Weapons Level 2  
  156  12:36  Marine x3  
  155  12:44  SCV x2  
  152  12:53  Marine x2  
  152  12:54  Marine x5  
  152  12:55  Medivac x2, Siege Tank x2  
  169  12:58  Marine  
  169  12:59  Marine x2  
  169  13:02  Refinery  
  172  13:06  Marine x2  
  172  13:11  Marine x3  
  172  13:12  Marine x4  
  172  13:22  Marine x3  
  172  13:24  Marine x2  
  174  13:38  Marine  
  174  13:39  Marine x4  
  174  13:40  Siege Tank x2  
  185  13:51  Marine x3  
  185  13:52  Marine  
  189  13:57  Marine  
  189  13:58  Marine x3  
  160  14:10  Marine x3  
  160  14:11  Marine x2  
  160  14:12  Marine  
  164  14:19  Marine  
  160  14:25  Marine  
  160  14:26  Marine x4  
  159  14:49  Barracks  
  159  14:50  Barracks, Command Center  
Show
View Real Time Build Order
Export as new Build Order

Miszu Terran 

Build Orders:  

Get SALT Encoding   

  12  0:00  SCV  
  13  0:13  SCV  
  14  0:18  Supply Depot  
  14  0:25  SCV  
  15  0:40  SCV  
  15  0:41  Barracks  
  16  0:47  Refinery  
  16  0:52  SCV  
  17  1:04  SCV  
  18  1:18  SCV  
  20  1:33  Orbital Command  
  20  1:35  Barracks Reactor  
  19  1:41  Command Center  
  19  1:50  Supply Depot  
  19  1:58  SCV  
  20  2:11  SCV  
  20  2:12  Marine  
  20  2:13  Marine  
  20  2:15  Factory  
  23  2:17  Supply Depot  
  23  2:23  SCV  
  24  2:30  Marine x2  
  24  2:36  SCV  
  26  2:39  Refinery  
  26  2:48  Marine x2, SCV  
  29  2:53  Orbital Command  
  29  3:00  SCV  
  29  3:04  Starport  
  29  3:05  Factory Tech Lab  
  30  3:12  Marine x2  
  30  3:14  SCV  
  30  3:19  SCV  
  34  3:26  SCV  
  38  3:28  Widow Mine  
  38  3:32  Supply Depot  
  38  3:34  SCV  
  38  3:38  SCV  
  39  3:44  Medivac  
  39  3:46  SCV  
  42  3:50  SCV  
  42  3:54  Marine x2  
  42  3:55  Supply Depot  
  45  3:58  SCV  
  45  4:02  SCV  
  47  4:10  SCV  
  48  4:18  Viking  
  48  4:20  Command Center  
  48  4:21  SCV  
  48  4:22  SCV  
  52  4:29  Marine x2  
  52  4:30  Siege Tank  
  57  4:33  SCV  
  57  4:34  Supply Depot  
  57  4:35  SCV  
  60  4:45  SCV  
  59  5:03  SCV  
  58  5:17  Marine x2  
  56  5:24  SCV  
  55  5:30  Siege Tank  
  55  5:31  SCV  
  55  5:32  Barracks  
  55  5:33  Barracks  
  55  5:34  Refinery  
  55  5:35  Refinery, Marine x2  
  58  5:53  Marine x2  
  60  5:57  SCV  
  60  5:58  SCV  
  60  5:59  Supply Depot, Barracks  
  60  6:00  Barracks  
  62  6:04  Engineering Bay x2  
  62  6:09  SCV  
  62  6:10  SCV  
  62  6:11  Marine x2  
  62  6:15  Starport Reactor, Siege Tank  
  67  6:21  SCV  
  67  6:22  Barracks Tech Lab, SCV  
  67  6:23  Barracks Tech Lab  
  69  6:29  Marine x2  
  71  6:33  SCV  
  71  6:34  Terran Infantry Weapons Level 1, Terran Infantry Armor Level 1, SCV  
  71  6:37  Orbital Command  
  73  6:45  SCV  
  73  6:46  Marine, SCV  
  77  6:49  Barracks Reactor x2  
  77  6:50  Combat Shields  
  76  6:57  Siege Tank, SCV  
  76  6:58  SCV  
  76  6:59  Supply Depot  
  81  7:03  Medivac  
  81  7:05  SCV  
  84  7:09  SCV  
  84  7:10  SCV  
  84  7:11  Supply Depot, Marine  
  87  7:15  Marine x2  
  87  7:16  Marine  
  87  7:17  SCV  
  87  7:22  SCV  
  92  7:23  SCV, Armory  
  92  7:29  Marine  
  94  7:32  Marine  
  94  7:36  Barracks Tech Lab  
  94  7:37  Marine  
  94  7:38  Marine  
  94  7:40  SCV x2  
  94  7:41  SCV  
  94  7:42  Supply Depot  
  98  7:44  Supply Depot  
  98  7:49  Marine x3, Refinery  
  98  7:50  Refinery  
  101  7:52  SCV  
  101  7:53  SCV x2  
  101  7:56  Marine  
  101  7:57  Marine, Stimpack  
  106  7:58  Marine  
  106  8:00  Sensor Tower  
  106  8:01  Medivac x2  
  106  8:04  SCV  
  106  8:05  SCV x2  
  117  8:09  Supply Depot  
  117  8:15  Supply Depot, Marine  
  117  8:17  Supply Depot  
  118  8:20  Marine x2  
  118  8:22  Supply Depot  
  118  8:27  Factory  
  117  8:28  Terran Infantry Armor Level 2, Terran Infantry Weapons Level 2  
  117  8:31  Terran Vehicle Weapons Level 1  
  117  8:32  Marine x2  
  117  8:33  Siege Tank  
  122  8:35  Medivac  
  122  8:38  Marine x5  
  129  8:48  Supply Depot  
  129  8:49  Supply Depot  
  129  8:50  Supply Depot, Marine  
  129  8:51  Marine x2  
  129  8:53  Supply Depot  
  132  8:56  Marine x3, Medivac  
  103  9:18  Marine  
  103  9:20  Marine x7  
  109  9:35  Marine  
  109  9:36  Medivac, Siege Tank  
  109  9:38  Marine x7  
  115  9:42  Supply Depot  
  115  9:45  Supply Depot  
  121  9:47  Factory Tech Lab  
  121  9:50  Sensor Tower  
  121  9:53  Marine  
  121  9:55  Marine  
  121  9:56  Marine x6  
  121  9:58  SCV  
  121  9:59  SCV x2  
  132  10:03  Missile Turret  
  132  10:04  Missile Turret x2  
  132  10:07  Missile Turret  
  132  10:10  SCV  
  132  10:11  Marine  
  132  10:13  Marine, Missile Turret x2  
  132  10:14  Marine x4  
  135  10:16  Siege Tank, Missile Turret  
  135  10:20  Siege Tank  
  144  10:27  Marine x2  
  144  10:28  Medivac x2  
  150  10:31  Terran Vehicle Weapons Level 2  
  150  10:42  Marine  
  151  10:48  Supply Depot, Siege Tank  
  151  10:49  Supply Depot  
  154  10:52  Siege Tank  
  157  10:57  Marine  
  157  10:58  Marine, Medivac x2  
  162  11:07  Marine  
  162  11:10  Marine x4  
  167  11:15  Barracks  
  167  11:16  Barracks  
  167  11:19  Command Center  
  167  11:20  Siege Tank  
  167  11:21  Marine x3  
  167  11:25  Marine  
  172  11:28  Marine x4, Medivac  
  177  11:38  Marine  
  177  11:39  Marine x2  
  179  11:43  Marine  
  149  11:50  Reaper, Siege Tank  
  149  11:52  Siege Tank  
  153  11:58  Marine  
  153  11:59  Marine x5  
  153  12:01  Marine  
  157  12:11  Medivac x2  
  161  12:16  Marine x2  
  161  12:17  Marine x4  
  161  12:19  Marine  
  161  12:21  Marine  
  161  12:22  Refinery, Siege Tank  
  172  12:24  Siege Tank  
  175  12:32  Barracks Reactor x2, Refinery  
  175  12:34  Marine  
  174  12:39  Marine  
  174  12:41  Marine  
  161  12:51  Marine  
  161  12:54  Siege Tank  
  161  12:57  Siege Tank  
  168  13:03  Command Center  
  168  13:04  Marine  
  168  13:05  Marine x6  
  175  13:09  Marine x3  
  175  13:10  Marine, Medivac  
  181  13:13  Medivac  
  177  13:21  Marine  
  177  13:22  Marine x3  
  177  13:23  Marine  
  177  13:26  Siege Tank  
  174  13:28  Marine  
  174  13:29  Marine x3, Siege Tank  
  180  13:36  Marine  
  180  13:38  Marine x2  
  180  13:39  Marine  
  180  13:40  Marine x2  
  186  13:41  Planetary Fortress  
  186  13:58  Siege Tank  
  186  14:01  Siege Tank  
  190  14:03  Refinery  
  190  14:06  Refinery  
  190  14:08  Marine  
  190  14:09  Marine x11  
  149  14:15  Orbital Command  
  112  14:26  Marine  
  112  14:27  Marine x7  
  119  14:33  Hellion  
  119  14:37  Marine x4  
Tags
 
Composition
Bio Tank
Matchup
TvT
Race
Terran
Add a new tag
Caveats
  • Supply blocks, unpowered buildings, or Contaminate may cause inaccurate times.
  • Supply counts are checked every 10 seconds.